 Dungeon Crawl Stone Soup version 0.30-a0-576-g89cddaab80 (webtiles) character file.

Game seed: 3865546383495892499

350 demibob the Cleaver (level 6, 0/51 HPs)
             Began as a Hill Orc Fighter on Dec 31, 2022.
             Killed by divine providence
             ... invoked by an orc priest
              (15 damage)
             ... on level 3 of the Dungeon.
             The game lasted 00:02:20 (1627 turns).

demibob the Cleaver (Hill Orc Fighter)              Turns: 1627, Time: 00:02:21

Health: 0/51       AC: 12    Str: 21    XL:     6   Next: 61%
Magic:  6/6        EV:  9    Int:  8    God:
Gold:   83         SH:  5    Dex: 10    Spells: 5/5 levels left

rFire   . . .      SeeInvis .    a - +0 war axe
rCold   . . .      Faith    .    (no shield)
rNeg    . . .      Spirit   .    b - +1 scale mail
rPois   .          Reflect  +    (no helmet)
rElec   .          Harm     .    (no cloak)
rCorr   .          Rampage  .    i - +2 pair of gloves
Will    .....                    c - +0 pair of boots Stlth
                                 e - amulet of reflection
HPRegen 0.28/turn                (no ring)
MPRegen 0.10/turn                (no ring)

@: no status effects
A: no striking features
a: Convert to Beogh


You were on level 3 of the Dungeon.
You visited 1 branch of the dungeon, and saw 3 of its levels.

You collected 83 gold pieces.


   Skills:
 - Level 3.6 Fighting
 + Level 9.0 Axes
 - Level 3.2 Armour
 - Level 3.2 Shields


You had 5 spell levels left.
You didn't know any spells.
Your spell library contained the following spells:

 Spells                   Type           Power      Damage    Failure   Level
 Beastly Appendage        Tmut           0%         N/A       75%         1
 Wereblood                Tmut           0%         N/A       87%         2
 Spider Form              Tmut/Pois      0%         N/A       98%         3

Inventory:

Hand Weapons
 a - a +0 war axe (weapon)
Armour
 b - a +1 scale mail (worn)
 c - a +0 pair of boots (worn)
 i - a +2 pair of gloves (worn)
Jewellery
 e - an amulet of reflection (around neck)
 I - a +6 ring of intelligence
Scrolls
 h - a scroll of amnesia {unknown}
 j - a scroll of immolation {unknown}
Potions
 d - a potion of might
 f - 2 potions of mutation {unknown}
 g - a potion of heal wounds {unknown}
 k - a potion of curing {@q1}

Dungeon Overview and Level Annotations

Branches:
Dungeon (3/15)

Altars:

# #. ######.
####.=#####......:
.....oo@).<.#
..$.?.#######
###▓▓


You could see 2 orc priests.


Message History

Your punch misses the orc wizard.
The orc priest looks encouraged for a moment.
The orc wizard barely misses you.
You slash the orc wizard!
The orc wizard is almost dead.
The orc wizard barely misses you.
You closely miss the orc wizard.
The orc wizard is almost dead.
The orc wizard hits you with a +0 dagger.
The orc priest looks braver for a moment.
The orc priest shouts, "Beogh is our master!
Accept the truth or die!"
You barely miss the orc wizard.
The orc wizard is severely wounded.
The orc priest casts a cantrip, but nothing happens.
The orc wizard hits you but does no damage.
The orc priest shouts, "Join the one true god or die!"
You slash the orc wizard!
You kill the orc wizard!
The orc priest looks satisfied for a moment.
The orc priest miscasts a cantrip.
The orc priest looks encouraged for a moment.
Your Axes skill increases to level 9!
You hit the orc priest.
The orc priest is lightly wounded.
The orc priest invokes the aid of Beogh against you.
Beogh smites you!
* * * LOW HITPOINT WARNING * * *
The orc priest invokes the aid of Beogh against you.
Beogh smites you!
You die...

Skill      XL: |  1  2  3  4  5  6 |
---------------+-------------------+-----
Axes           | 3 4 5 8 9 |  9.0
Fighting       | |  3.6
Armour         | |  3.2
Shields        | |  3.2

Action                   |  1- 3 |  4- 6 || total
-------------------------+-------+-------++-------
Melee: War axe           |   104 |    87 ||   191
  Use: Scroll            |     2 |       ||     2
       Potion            |       |     3 ||     3
Armor: Scale mail        |    48 |    25 ||    73
Dodge: Dodged            |    65 |    29 ||    94
Block: Other             |    25 |    22 ||    47

Levels and vault maps discovered:
D:1:      saegor_arrival_miasma, layout_rooms
D:2:      layout_loops_ring, basic_ecumenical_altar, serial_co_window_serial,
          co_window_of_opportunity_a, co_window_of_opportunity_a,
          co_window_corner_a, co_window_paths_a, co_window_corner_a,
          co_window_corner_a, co_window_cross_4, co_window_corner_cb,
          co_window_of_opportunity_b, co_window_2corner, co_window_broadway_c,
          co_window_of_opportunity_c, co_window_corner_b, glass_columns_a,
          glass_columns_c, glass_columns_c, uniq_sigmund, uniq_natasha
D:3:      layout_loops_ring, nicolae_sif_muna_little_library,
          mainiacjoe_overflow_alcove_2, kennysheep_path_1

Notes
Turn   | Place    | Note
-------+----------+-------------------------------------------
     0 | D:1      | demibob the Hill Orc Fighter began the quest for the Orb.
     0 | D:1      | Reached XP level 1. HP: 19/19 MP: 1/1
    23 | D:1      | Reached skill level 3 in Axes
    99 | D:1      | Reached XP level 2. HP: 25/26 MP: 2/2
   146 | D:1      | Reached skill level 4 in Axes
   299 | D:1      | Reached XP level 3. HP: 28/31 MP: 3/3
   384 | D:1      | Reached skill level 5 in Axes
   689 | D:2      | Found a faded altar of an unknown god.
   886 | D:2      | Noticed Natasha
   892 | D:2      | Killed Natasha
   893 | D:2      | Reached XP level 4. HP: 39/39 MP: 4/4
   929 | D:2      | Reached skill level 6 in Axes
   937 | D:2      | Noticed Sigmund
   960 | D:2      | Killed Sigmund
   961 | D:2      | Reached skill level 8 in Axes
   961 | D:2      | Reached XP level 5. HP: 38/45 MP: 5/5
   961 | D:2      | Reached XP level 6. HP: 43/51 MP: 6/6
   965 | D:2      | Noticed Natasha
   971 | D:2      | Killed Natasha
  1293 | D:2      | Noticed Natasha
  1303 | D:2      | Killed Natasha
  1627 | D:3      | Reached skill level 9 in Axes
  1627 | D:3      | Killed from afar by an orc priest

Vanquished Creatures
  Sigmund (D:2)
  Natasha (thrice) (D:2)
  An orc wizard (D:3)
  A gnoll (D:1)
  2 adders (D:2)
  3 worms (D:2)
  2 dart slugs
  2 orcs (D:3)
  7 bats
  An endoplasm (D:2)
  2 giant cockroaches (D:1)
  4 goblins
  5 hobgoblins
  4 jackals (D:2)
  2 kobolds (D:1)
  4 quokkas
  9 ball pythons
  3 frilled lizards
  5 rats
61 creatures vanquished.

Table legend: (Time is in decaauts)
 A = Elapsed time spent in this place.
 B = Non-inter-level travel time spent in this place.
 C = Inter-level travel time spent in this place.
 D = Time resting spent in this place.
 E = Time spent auto-exploring this place.
 F = Levels seen in this place.
 G = Mean time per level.
                   A        B        C        D        E       F      G
               +--------+--------+--------+--------+--------+-----+--------+
         Total |   1664 |   1626 |     38 |      0 |   1215 |   3 |  554.7 |
       Dungeon |   1664 |   1626 |     38 |      0 |   1215 |   3 |  554.7 |
               +--------+--------+--------+--------+--------+-----+--------+

Top non-repeatable levels by time:
     D:2: 1103 daAuts
     D:1: 542 daAuts
     D:3: 18 daAuts

Table legend:
 A = Non-vault XP
 B = Vault XP
 C = Vault XP percentage of total XP
 D = Non-vault monster count
 E = Vault monster count
 F = Vault count percentage of total count
                 A         B        C        D         E       F
            +---------+---------+-------+---------+---------+-------
      Total |     252 |     249 |  49.7 |      59 |       2 |   3.3
            +---------+---------+-------+---------+---------+-------
        D:1 |      59 |       0 |   0.0 |      29 |       0 |   0.0
        D:2 |     150 |     249 |  62.4 |      26 |       2 |   7.1
        D:3 |      43 |       0 |   0.0 |       4 |       0 |   0.0
            +---------+---------+-------+---------+---------+-------
